 Dungeon Crawl Stone Soup version 0.31.0 (webtiles) character file.

Game seed: 12317227941715919733

2594 Destapler the Trooper (level 9, -1/138 HPs)
             Began as a Troll Shapeshifter on Jan 19, 2024.
             Slain by a gnoll sergeant
             ... wielding a +1 spear of venom
              (4 damage)
             ... on level 7 of the Dungeon.
             The game lasted 00:11:05 (5438 turns).

Destapler the Trooper (Troll Shapeshifter)          Turns: 5438, Time: 00:11:07

Health: -1/138     AC: 24    Str: 24    XL:     9   Next: 33%
Magic:  8/8        EV:  1    Int:  6    God:
Gold:   97         SH:  0    Dex: 13    Spells: 8/8 levels left

rFire   . .          .
                       - Unarmed
rCold   . . .        (no shield)
rNeg    . . .        o - melded +2 robe {Will+}
rPois   +            (helmet currently unavailable)
rElec   .            B - melded +0 cloak
rCorr   .            (gloves unavailable)
SInv    .            (boots unavailable)
Will    .....        (no amulet)
Stlth   +            (no ring)
HPRegen 1.23/turn    (no ring)
MPRegen 0.11/turn

%: no passive effects
@: lethally poisoned (-1 -> -4), tree-form
A: stationary, stasis, torment immunity, boosted hp, large, unfitting armour,
(claws 3), regeneration 1, (shaggy fur 1), (tough skin 1)
a: no special abilities


You were on level 7 of the Dungeon.
You were a tree.
You visited 1 branch of the dungeon, and saw 7 of its levels.
You also visited: Ossuary.

You collected 263 gold pieces.
You spent 166 gold pieces at shops.

Inventory:

Missiles
 E - 8 boomerangs (quivered)
Armour
 a - the +2 robe of the Game Afoot {rN+}
   (You bought it in a shop on level 7 of the Dungeon)

   rN+:       It protects you from negative energy.
 o - a +2 robe of willpower (melded)
 B - a +0 cloak (melded)
Jewellery
 w - a ring of resist corrosion
Talismans
 c - a beast talisman (active)
 d - a flux talisman
Wands
 t - a wand of charming (17)
Scrolls
 h - a scroll of poison {unknown}
 i - a scroll of amnesia {unknown}
 j - 3 scrolls of fog {unknown}
 m - a scroll of blinking {unknown}
 n - 2 scrolls of noise {unknown}
 p - 4 scrolls of teleportation {unknown}
 r - 2 scrolls of vulnerability {unknown}
 u - 3 scrolls of enchant weapon {unknown}
 x - a scroll of acquirement {unknown}
 y - 2 scrolls of enchant armour {unknown}
 z - a scroll of immolation {unknown}
 C - a scroll of silence {unknown}
 F - a scroll of torment {unknown}
Potions
 b - 2 potions of lignification
 e - 2 potions of haste
 k - 6 potions of curing
 l - 2 potions of might
 q - 3 potions of mutation
 s - 2 potions of heal wounds
 v - a potion of brilliance
 A - a potion of attraction
 G - a potion of ambrosia
 H - a potion of experience {unknown}


   Skills:
 * Level 6.7 Fighting
 + Level 5.0 Dodging
 + Level 6.4 Unarmed Combat
 + Level 6.0 Shapeshifting


You had 8 spell levels left.
You didn't know any spells.
Your spell library contained the following spells:

 Spells                   Type           Power      Damage    Failure   Level
 Ensorcelled Hibernation  Hex/Ice        0%         N/A       58%         2
 Jinxbite                 Hex            0%         N/A       58%         2
 Gell's Gravitas          Tloc           0%         N/A       83%         3
 Passwall                 Erth           0%         N/A       83%         3
 Swiftness                Air            0%         N/A       83%         3
 Teleport Other           Tloc           0%         N/A       83%         3
 Yara's Violent Unravell  Hex/Alch       0%         3d3       100%        5
 Dispersal                Tloc           0%         N/A       100%        6
 Enfeeble                 Hex            0%         N/A       100%        7
 Haunt                    Necr/Summ      0%         N/A       100%        7
 Borgnjor's Revivificati  Necr           0%         N/A       100%        8
 Death's Door             Necr           0%         N/A       100%        9


Dungeon Overview and Level Annotations

Branches:
Dungeon (7/15)             Temple (0/1) D:6         Ossuary (visited)

Altars:
Ashenzari
Gozag
Qazlal
Uskayaw
The Shining One

Shops:
D:1 (   D:4 =   D:5 (   D:6 ?   D:7 :[


Innate Abilities, Weirdness & Mutations

You are a tree.
Your roots penetrate the ground, keeping you stationary.
You cannot be teleported.
You are immune to unholy pain and torment.
Your maximum health is greatly increased.
Your equipment is partially melded.
You are too large for most types of armour.
((You have claws for hands.))
Your natural rate of healing is unusually fast.
((You are covered in fur. (AC +1)))
((You have tough skin. (AC +1)))


Message History

You barely miss the gnoll.
The gnoll is severely wounded.
The gnoll hits you with a +0 club.
* * * LOW HITPOINT WARNING * * *
The gnoll sergeant hits you but does no damage.
The gnoll hits you but does no damage.
You barely miss the gnoll.
The gnoll is severely wounded.
You pummel the gnoll!!
You kill the gnoll!
The gnoll sergeant hits you but does no damage.
You are poisoned.
The gnoll hits you from afar with a +0 halberd.
* * * LOW HITPOINT WARNING * * *
Throw: 8 boomerangs
Press: ? - help, Q - select action, (/) - cycle Shift-Dir - straight line, f/p - gnoll sergeant
Aim: a gnoll sergeant, wielding a +1 spear of venom and wearing a +0 ring mail (severely wounded, 65% to hit)
You throw a boomerang.
The boomerang completely misses the gnoll sergeant.
You feel sick.
The gnoll sergeant hits you but does no damage.
The gnoll hits you but does no damage. x2
The gnoll sergeant hits you from afar with a +1 spear of venom.
* * * LOW HITPOINT WARNING * * *
You throw a boomerang.
The boomerang hits the gnoll sergeant but does no damage.
The gnoll sergeant is severely wounded.
You feel sick.
The gnoll hits you from afar with a +0 halberd!
* * * LOW HITPOINT WARNING * * *
The gnoll sergeant hits you from afar with a +1 spear of venom.
* * * LOW HITPOINT WARNING * * *
You are more poisoned.
You throw a boomerang. The boomerang hits the gnoll sergeant.
The gnoll sergeant is severely wounded.
You feel very sick.
The gnoll hits you from afar with a +0 halberd!
* * * LOW HITPOINT WARNING * * *
The gnoll sergeant hits you from afar with a +1 spear of venom.
You die...

#..............#....
#...................
#.............:..###
##...###.........+.#
#...# #.........#..
##...###............
#......#............
#......#............
#..♣)..#............
#.))...#............
#..gg..#............
#......#............
#......#..........#.
#......#<.........#.
#......####'#.....#.
#......# #.#.#####.
#.#.......


You could see a gnoll sergeant and a gnoll.

Vanquished Creatures
  Sigmund (D:2)
  A shadow (D:7)
  A wyvern (D:6)
  Duvessa (D:5)
  A black bear (D:7)
  An ogre (D:4)
  A phantom (D:5)
  5 elf zombies (Ossuary)
  3 bullfrogs
  2 scorpions
  Dowan (D:5)
  5 bombardier beetles
  A centaur zombie (Ossuary)
  3 human zombies (Ossuary)
  3 orc priests
  A hound (D:5)
  A jelly (D:5)
  2 iguanas (D:6)
  Jessica (D:2)
  2 scorpion zombies (D:6)
  Natasha (thrice) (D:2)
  3 sleepcaps
  2 orc wizards (D:4)
  5 hound zombies (Ossuary)
  2 mummies (Ossuary)
  4 gnolls
  2 howler monkey skeletons (D:6)
  7 adders
  A white imp (D:5)
  4 adder zombies (Ossuary)
  A ribbon worm (D:2)
  9 orcs
  9 ball pythons
  4 bats
  3 endoplasms
  5 giant cockroaches
  4 gnoll zombies (Ossuary)
  8 goblins
  6 hobgoblins
  2 quokkas
  2 frilled lizards
  6 jackal zombies (Ossuary)
  5 kobolds
  5 kobold zombies (Ossuary)
  4 orc zombies (Ossuary)
  5 rats
148 creatures vanquished.

Notes
Turn   | Place    | Note
-------+----------+-------------------------------------------
     0 | D:1      | Destapler the Troll Shapeshifter began the quest for the
                  | Orb.
     0 | D:1      | Reached XP level 1. HP: 18/18 MP: 0/0
    56 | D:1      | Reached skill level 1 in Fighting
    64 | D:1      | Reached XP level 2. HP: 23/27 MP: 1/1
   192 | D:1      | Reached XP level 3. HP: 33/33 MP: 2/2
   453 | D:1      | Found Zytopp's Weapon Emporium.
   800 | D:2      | Noticed Natasha
   805 | D:2      | Killed Natasha
   806 | D:2      | Reached XP level 4. HP: 35/42 MP: 3/3
  1140 | D:2      | Noticed Sigmund
  1155 | D:2      | Killed Sigmund
  1156 | D:2      | Reached XP level 5. HP: 38/53 MP: 4/4
  1214 | D:2      | Noticed Jessica
  1218 | D:2      | Killed Jessica
  1219 | D:2      | Reached XP level 6. HP: 54/61 MP: 5/5
  1364 | D:2      | Noticed Natasha
  1370 | D:2      | Killed Natasha
  1454 | D:2      | Noticed Natasha
  1471 | D:2      | Killed Natasha
  1687 | D:3      | Found a broken altar of Ashenzari.
  1798 | D:3      | Found a hide-covered altar of Uskayaw.
  1880 | D:3      | Found a stormy altar of Qazlal.
  2370 | D:4      | Found Buriops's Jewellery Shop.
  2452 | D:4      | Found a glowing golden altar of the Shining One.
  2502 | D:4      | Reached XP level 7. HP: 49/68 MP: 6/6
  3061 | D:5      | Entered Level 5 of the Dungeon
  3085 | D:5      | Noticed Duvessa
  3086 | D:5      | Noticed Dowan
  3095 | D:5      | Killed Duvessa
  3103 | D:5      | Killed Dowan
  3113 | D:5      | Reached skill level 5 in Unarmed Combat
  3233 | D:5      | Reached XP level 8. HP: 71/79 MP: 7/7
  3288 | D:5      | Reached skill level 5 in Fighting
  3298 | D:5      | Found Uppiph Deyf's Antique Weapon Emporium.
  3478 | D:6      | Reached skill level 5 in Shapeshifting
  3496 | D:6      | Found a sand-covered staircase.
  3516 | Ossuary  | Entered an ossuary
  3936 | D:6      | Reached XP level 9. HP: 86/89 MP: 8/8
  4042 | D:6      | Found a staircase to the Ecumenical Temple.
  4393 | D:6      | Found The Oracle's Delphic Readings.
  4418 | D:6      | Bought a scroll of identify for 24 gold pieces
  4477 | D:6      | Found an opulent altar of Gozag.
  5087 | D:7      | Found Eledi's Antique Armour Shop.
  5096 | D:7      | Bought a scorched robe for 142 gold pieces
  5096 | D:7      | Identified the +2 robe of the Game Afoot {rN+} (You bought
                  | it in a shop on level 7 of the Dungeon)
  5155 | D:7      | Reached skill level 5 in Dodging
  5390 | D:7      | Found Qeicot's Book Shop.
  5438 | D:7      | HP: 3/138 [gnoll/+0 halberd[a gnoll sergeant] (9)]
  5438 | D:7      | Slain by a gnoll sergeant

Illustrated notes

Levels and vault maps discovered:
D:1:      eino_arrival_water_cross, layout_loops_cross, serial_shops, shop,
          dreamdust_princess_corridor, minmay_domino_2
D:2:      layout_loops_corners, uniq_jessica, uniq_natasha, uniq_sigmund
D:3:      layout_basic, nicolae_qazlal_scattered_showers,
          evilmike_ruin_ashenzari, nicolae_uskayaw_dance_hall,
          hangedman_decor_clover_reticule
D:4:      layout_gridville, tso_metal_star, serial_shops,
          nicolae_shop_window_shopping, kennysheep_dice
D:5:      layout_rooms, kennysheep_small_circle, uniq_duvessa
D:6:      layout_layer_cave, grunt_gozag_statues,
          minmay_temple_entry_gardened_gates,
          mainiacjoe_ossuary_entry_find_the_door, st_stairs_1,
          nicolae_nh_oracle_at_delphi
D:7:      layout_basic, serial_shops, shop, shop, shop

Skill      XL: |  1  2  3  4  5  6  7  8  9 |
---------------+----------------------------+-----
Fighting       | 1 2 3 4 6 |  6.7
Dodging        | 2 3 4 5 |  5.0
Unarmed Combat | 4 5 6 |  6.4
Shapeshifting  | 4 5 6 |  6.0

Action                     |  1- 3 |  4- 6 |  7- 9 || total
---------------------------+-------+-------+-------++-------
  Melee: Unarmed           |    72 |    84 |   285 ||   441
         Punch             |     1 |     2 |    13 ||    16
  Throw: Boomerang         |       |       |    17 ||    17
Ability: Begin Untransform |       |       |     1 ||     1
    Use: Scroll            |       |       |     9 ||     9
         Potion            |       |       |     2 ||     2
   Stab: Sleeping          |       |       |     1 ||     1
 Armour: Animal skin       |    48 |     8 |       ||    56
         Robe              |       |    51 |   166 ||   217
         Skin              |       |       |    74 ||    74
  Dodge: Dodged            |    25 |    36 |   112 ||   173
   Form: Beast             |       |       |     1 ||     1
